 Dungeon Crawl Stone Soup version 0.22-a0-196-gee22f2738c (webtiles) character file.

1987 RedPan the Magician (level 9, -3/59 HPs)
             Began as an Octopode Wizard on Feb 17, 2018.
             Was a Believer of Sif Muna.
             Killed from afar by an orc wizard (5 damage)
             ... with a magic dart
             ... on level 7 of the Dungeon.
             The game lasted 00:33:55 (11902 turns).

RedPan the Magician (Octopode Wizard)              Turns: 11902, Time: 00:33:56

Health: -3/59      AC:  2    Str:  6    XL:     9   Next: 21%
Magic:  7/17       EV: 15    Int: 21    God:    Sif Muna [**....]
Gold:   14         SH:  3    Dex: 13    Spells: 8/19 levels left

rFire    + . .     SeeInvis .   G - +2 whip (venom)
rCold    x . .     Gourm    .   P - +0 buckler
rNeg     + . .     Faith    .   a - +1 hat
rPois    +         Spirit   .   (no amulet)
rElec    .         Reflect  .   d - ring of fire
rCorr    .         Harm     .   e - ring of positive energy
MR       .....                  r - ring of stealth
Stlth    ++++......             E - ring of poison resistance
HPRegen  0.19/turn              L - ring of flight
MPRegen  0.15/turn              (no ring)
                                (no ring)
                                (no ring)

@: slowed, very slow
A: almost no armour, stealthy swim, amphibious, 8 rings, constrict 8, camouflage
1, gelatinous body 1
a: Divine Energy, Renounce Religion, Evoke Flight


You were on level 7 of the Dungeon.
You worshipped Sif Muna.
Sif Muna was pleased with you.
You were not hungry.

You visited 1 branch of the dungeon, and saw 7 of its levels.
You also visited: Sewer.

You collected 305 gold pieces.
You spent 291 gold pieces at shops.

Inventory:

Hand Weapons
 j - a +1 dagger
 G - a +2 whip of venom (weapon)
 N - a +0 dagger of electrocution
Missiles
 i - 5 needles of paralysis
 k - 3 needles of confusion
Armour
 a - a +1 hat (worn)
 s - a +0 shield
 P - a +0 buckler (worn)
Jewellery
 d - a ring of fire (left tentacle)
 e - a ring of positive energy (right tentacle)
 r - a ring of stealth (on tentacle)
 y - an uncursed amulet of harm {unknown}
 E - a ring of poison resistance (on tentacle)
 L - a ring of flight (on tentacle)
Wands
 f - a wand of paralysis (10)
 p - a wand of digging (12)
 C - a wand of enslavement (18)
 D - a wand of scattershot (8)
Scrolls
 g - 2 scrolls of fog
 h - 3 scrolls of teleportation
 n - 5 scrolls of remove curse
 A - a scroll of enchant armour
 B - a scroll of enchant weapon
 F - a scroll of magic mapping
Potions
 l - 2 potions of mutation
 m - 5 potions of brilliance
 o - 6 potions of curing
 q - 3 potions of lignification {unknown}
 t - 3 potions of haste
 u - 5 potions of heal wounds
 v - 2 potions of might {unknown}
 w - a potion of ambrosia {unknown}
 x - 2 potions of invisibility {unknown}
 z - 4 potions of agility {unknown}
 M - 2 potions of flight {unknown}
Books
 b - a book of Minor Magic

   Spells                             Type                      Level
   a - Magic Dart                     Conjuration                  1
   b - Blink                          Translocation                2
   c - Call Imp                       Summoning                    2
   d - Slow                           Hexes                        2
   e - Conjure Flame                  Conjuration/Fire             3
   f - Mephitic Cloud                 Conjuration/Poison/Air       3
 H - a book of Maledictions

   Spells                             Type                      Level
   a - Corona                         Hexes                        1
   b - Ensorcelled Hibernation        Hexes/Ice                    2
   c - Confuse                        Hexes                        3
   d - Tukima's Dance                 Hexes                        3
   e - Dazzling Spray                 Conjuration/Hexes            3
 K - a book of Misfortune

   Spells                             Type                      Level
   a - Confusing Touch                Hexes                        1
   b - Confuse                        Hexes                        3
   c - Gell's Gravitas                Translocation                3
   d - Petrify                        Transmutation/Earth          4
   e - Metabolic Englaciation         Hexes/Ice                    5
   f - Yara's Violent Unravelling     Hexes/Transmutation          5
Comestibles
 c - 5 rations


   Skills:
 + Level 4.3 Fighting
 + Level 5.7 Dodging
 - Level 3.0 Stealth
 * Level 0.7 Shields
 + Level 5.8 Spellcasting
 - Level 3.0 Conjurations
 - Level 2.1 Summonings
 - Level 2.2 Translocations
 - Level 2.0 Fire Magic
 - Level 4.1 Air Magic
 - Level 2.0 Poison Magic
 - Level 3.0 Invocations


You had 8 spell levels left.
You knew the following spells:

 Your Spells              Type           Power        Failure   Level  Hunger
a - Magic Dart            Conj           ###.         4%          1    None
b - Blink                 Tloc           N/A          9%          2    None
c - Call Imp              Summ           ##......     10%         2    None
d - Mephitic Cloud        Conj/Pois/Air  ###.....     13%         3    ##.....
e - Conjure Flame         Conj/Fire      ####....     16%         3    ##.....


Dungeon Overview and Level Annotations

Branches:
Dungeon (7/15)
 Temple: D:4-7

Altars:
Elyvilon
Sif Muna

Shops:
D:6 [!%!*

Annotations:
D:4 exclusion: phantom, Execuda's ghost, amateur DsBe


Innate Abilities, Weirdness & Mutations

You cannot wear most types of armour.
You are very stealthy in the water. (Stealth+)
You are amphibious.
You can wear up to eight rings at the same time.
You can use your tentacles to constrict eight enemies at once.
Your skin changes colour to match your surroundings (Stealth+).
Your rubbery body absorbs attacks. (AC +1, EV +1)


Message History

You completely miss the orc wizard. You grab the orc wizard.
You constrict the orc wizard. The orc wizard hits you with a dagger.
* * * LOW HITPOINT WARNING * * *
The howler monkey hoots and howls with incredible vigour!
Your crimson imp hits the orc wizard.
The orc wizard hits you with a dagger.
* * * LOW HITPOINT WARNING * * *
Your crimson imp blinks!
The orc priest misses your crimson imp.
The orc wizard mumbles some strange words.
The orc wizard blinks free!
Your crimson imp hits the orc wizard but does no damage.
The orc wizard hits you with a dagger.
* * * LOW HITPOINT WARNING * * *
The orc priest hits your crimson imp with a short sword.
The orc wizard gestures wildly while chanting.
The orc wizard blinks!
You hear an angry hiss.
You hear a shout!
The orc wizard gestures at you while chanting.
The magic dart hits you!
You die...

... 5.# ..# ..#
####..# #
#.o>..#..##
#.oS.......
##.5o#....##
#.###@###h..#.#
#...<.# .h...#
#####.# ...###
##.. #h.# #.#
... .# .... .
..... . ..


You could see an orc priest, 2 orc wizards, an adder and a friendly crimson imp.

Vanquished Creatures
  The ghost of Abracadabra the Chopper, an amateur HOFi (D:5)
  2 sky beasts (D:6)
  An ice beast (D:6)
  An ogre (D:5)
  A necrophage (D:6)
  4 big kobolds (Sewer)
  A scorpion (D:6)
  2 crimson imps (D:6)
  An orc priest (D:6)
  2 jellies
  2 orc wizards
  3 worker ants
  A hound skeleton (D:6)
  15 adders
  2 gnolls
  9 river rats (Sewer)
  A shadow imp (D:6)
  An adder skeleton (D:4)
  A worm (D:5)
  3 leopard geckos
  15 orcs
  5 ball pythons
  7 giant cockroaches
  9 goblins
  8 hobgoblins
  2 jackals (D:1)
  13 kobolds
  7 quokkas
  3 bats
  2 frilled lizards
  A jackal skeleton (D:5)
  18 rats
  A fungus (D:6)
145 creatures vanquished.

Vanquished Creatures (collateral kills)
  The ghost of splatterpode the Sneak, an amateur OpAs (D:3)
  A big kobold (Sewer)
  2 bullfrogs
  A quasit (D:5)
  A bullfrog zombie (D:6)
  An orc priest (D:6)
  Crazy Yiuf (D:6)
  4 orc wizards
  An iguana (D:6)
  2 worker ants
  Robin (D:2)
  2 adders (Sewer)
  5 gnolls
  A river rat (Sewer)
  A shadow imp (D:6)
  6 worms
  4 orcs (D:4)
  6 goblins (D:2)
  3 jackals (D:2)
  4 kobolds
  A frilled lizard (D:4)
  4 rats (Sewer)
53 creatures vanquished.

Grand Total: 198 creatures vanquished

Notes
Turn   | Place    | Note
-------+----------+-------------------------------------------
     0 | D:1      | RedPan the Octopode Wizard began the quest for the Orb.
     0 | D:1      | Reached XP level 1. HP: 11/11 MP: 4/4
   216 | D:1      | Reached XP level 2. HP: 17/17 MP: 1/6
   448 | D:1      | Learned a level 2 spell: Blink
   451 | D:1      | Learned a level 2 spell: Call Imp
  1035 | D:2      | Reached XP level 3. HP: 21/21 MP: 1/8
  1108 | D:2      | Learned a level 3 spell: Mephitic Cloud
  1777 | D:2      | Reached XP level 4. HP: 27/27 MP: 4/9
  1963 | D:2      | Noticed Robin
  1978 | D:2      | Killed Robin
  2191 | D:2      | Found a deep blue altar of Sif Muna.
  2264 | D:2      | Became a worshipper of Sif Muna the Loreminder
  2571 | D:2      | Learned a level 3 spell: Conjure Flame
  2908 | D:3      | Reached XP level 5. HP: 31/31 MP: 7/11
  3172 | D:3      | Noticed splatterpode's ghost (amateur OpAs)
  3187 | D:3      | Killed splatterpode's ghost
  3187 | D:3      | Reached skill level 1 in Fire Magic
  3187 | D:3      | Reached skill level 1 in Air Magic
  3187 | D:3      | Reached skill level 1 in Poison Magic
  3705 | D:3      | Reached XP level 6. HP: 28/36 MP: 5/12
  3907 | D:4      | Noticed Execuda's ghost (amateur DsBe)
  6366 | D:4      | Noticed a phantom
  6697 | D:4      | Reached XP level 7. HP: 36/41 MP: 8/13
  6806 | D:5      | Entered Level 5 of the Dungeon
  7143 | D:5      | Noticed Abracadabra's ghost (amateur HOFi)
  7662 | D:5      | Found a white marble altar of Elyvilon.
  7854 | D:5      | Killed Abracadabra's ghost
  7854 | D:5      | Reached skill level 1 in Fighting
  8252 | D:6      | Found Cumulote's Armour Boutique.
  8266 | D:5      | Reached XP level 8. HP: 34/48 MP: 7/14
  8345 | D:6      | Found Miekk's Distillery.
  8355 | D:6      | Reached skill level 1 in Invocations
  8382 | D:6      | Found Dewkif's Assorted Antiques.
  8387 | D:6      | Bought a scroll labeled SESHIT RAGEHE for 17 gold pieces
  8387 | D:6      | Bought a scroll labeled UBAWKI DUD YXZE for 17 gold pieces
  8387 | D:6      | Bought a lumpy cyan potion for 15 gold pieces
  8449 | D:6      | Bought a potion of heal wounds for 75 gold pieces
  8561 | D:6      | Reached * piety under Sif Muna
  8753 | D:6      | Found a glowing drain.
  8774 | Sewer    | Entered a sewer
  9909 | Sewer    | Reached skill level 5 in Spellcasting
 10214 | Sewer    | Reached skill level 5 in Dodging
 10545 | D:6      | Reached XP level 9. HP: 12/58 MP: 4/17
 11143 | D:6      | Reached ** piety under Sif Muna
 11251 | D:6      | Found Poesit's Distillery.
 11334 | D:6      | Found Affa's Food Shop.
 11469 | D:6      | Bought a +0 buckler for 67 gold pieces
 11561 | D:6      | Found a runed door.
 11620 | D:6      | Noticed Crazy Yiuf
 11627 | D:6      | Killed Crazy Yiuf
 11869 | D:6      | Bought a potion of haste for 100 gold pieces
 11901 | D:7      | HP: 2/59 [orc wizard/dagger (5)]
 11902 | D:7      | Killed from afar by an orc wizard

Vault maps used:
D:1:      kennysheep_arrival_forest
D:2:      lemuel_blue_sif_altar, uniq_robin
D:3:      grunt_decor_resistance, corexii_shack
D:4:      minmay_snake_closets
D:5:      first_ration, minmay_misc_feat_diagonals, hangedman_decor_lopped,
          elyvilon_altar_5
D:6:      serial_shops, nicolae_shop_behind_doors, shop, shop,
          nicolae_shop_waterfront, shop, cheibrodos_sewer_entry_drain,
          uniq_crazy_yiuf_cottage
D:7:      ashenzari_altar_1, minmay_temple_entry_poolview, uniq_pikel
Sewer:    sewer_minmay_treatment

Skill      XL: |  1  2  3  4  5  6  7  8  9 |
---------------+----------------------------+-----
Conjurations   | 2 3 |  3.0
Stealth        | 3 |  3.0
Spellcasting   | 4 5 |  5.8
Fire Magic     | 1 2 |  2.0
Air Magic      | 1 2 4 |  4.1
Poison Magic   | 2 |  2.0
Dodging        | 3 5 |  5.7
Summonings     | 2 |  2.1
Translocations | 2 |  2.2
Fighting       | 1 3 4 |  4.3
Invocations    | 3 |  3.0
Shields        | |  0.7

Action                   |  1- 3 |  4- 6 |  7- 9 || total
-------------------------+-------+-------+-------++-------
Melee: Unarmed           |     4 |       |       ||     4
       Constrict         |     6 |     6 |    28 ||    40
       Tentacles         |     4 |     6 |    21 ||    31
       Dagger            |    14 |    34 |    60 ||   108
       Whip              |       |       |    62 ||    62
 Cast: Magic Dart        |    69 |   111 |   215 ||   395
       Call Imp          |    15 |    64 |    90 ||   169
       Conjure Flame     |       |       |     6 ||     6
       Mephitic Cloud    |       |       |     6 ||     6
       Blink             |       |       |     1 ||     1
Evoke: Wand              |       |     1 |       ||     1
  Use: Scroll            |     1 |     9 |     4 ||    14
       Potion            |       |       |     2 ||     2
 Stab: Sleeping          |     1 |       |     1 ||     2
       Distracted        |       |       |     3 ||     3
  Eat: Chunk             |     3 |     9 |     7 ||    19
       Ration            |       |     2 |     3 ||     5
Armor: Skin              |     5 |     4 |    12 ||    21
Dodge: Dodged            |    15 |    51 |   118 ||   184
Block: Buckler           |       |       |     3 ||     3

Table legend:
 A = Spawn XP
 B = Non-spawn XP
 C = Spawn XP percentage of total XP
 D = Spawn monster count
 E = Non-spawn monster count
 F = Spawn count percentage of total count
 G = Total turns spent on level
                    A         B        C        D         E        F      G
               +---------+---------+-------+---------+---------+-------+---------
         Total |       0 |    2839 |   0.0 |       0 |     197 |   0.0 | 11902
               +---------+---------+-------+---------+---------+-------+---------
           D:1 |       0 |      30 |   0.0 |       0 |      17 |   0.0 |  1015
           D:2 |       0 |     124 |   0.0 |       0 |      42 |   0.0 |  1880
           D:3 |       0 |     169 |   0.0 |       0 |      13 |   0.0 |  2483
           D:4 |       0 |     303 |   0.0 |       0 |      26 |   0.0 |  1644
           D:5 |       0 |     511 |   0.0 |       0 |      12 |   0.0 |  1273
           D:6 |       0 |     990 |   0.0 |       0 |      38 |   0.0 |  1888
           D:7 |       0 |      81 |   0.0 |       0 |       1 |   0.0 |    23
         Sewer |       0 |     631 |   0.0 |       0 |      48 |   0.0 |  1696
               +---------+---------+-------+---------+---------+-------+---------
